 Dungeon Crawl Stone Soup version 0.29-a0-2-g12fcac58f8 (webtiles) character file.

Game seed: 8684929958924135555

112 enile the Skirmisher (level 4, 0/48 HPs)
             Began as an Ogre Fire Elementalist on Jan 26, 2022.
             Was a Follower of Vehumet.
             Slain by Ijyb (5 damage)
             ... on level 3 of the Dungeon.
             The game lasted 00:03:32 (3204 turns).

enile the Skirmisher (Ogre Fire Elementalist)       Turns: 3204, Time: 00:03:33

Health: 0/48       AC:  3    Str: 12    XL:     4   Next: 93%
Magic:  8/8        EV: 10    Int: 18    God:    Vehumet [*.....]
Gold:   60         SH:  0    Dex:  9    Spells: 6/9 levels left

rFire   . . .      SeeInvis .   h - +2 quarterstaff (spect)
rCold   . . .      Faith    .   (shield currently unavailable)
rNeg    . . .      Spirit   .   a - +0 robe
rPois   .          Reflect  .   (helmet restricted)
rElec   .          Harm     .   (no cloak)
rCorr   .          Rampage  .   (gloves unavailable)
Will    .....                   (boots unavailable)
Stlth   +.........              (no amulet)
HPRegen 0.16/turn               (no ring)
MPRegen 0.11/turn               (no ring)

@: mighty, lethally poisoned (0 -> -8), weak-willed, flying
A: large, unfitting armour, tough skin 1
a: Renounce Religion


You were on level 3 of the Dungeon.
You worshipped Vehumet.
Vehumet was aware of your devotion.
You visited 1 branch of the dungeon, and saw 3 of its levels.

You collected 60 gold pieces.

Inventory:

Hand Weapons
 h - a +2 spectral quarterstaff (weapon)
Armour
 a - a +0 robe (worn)
 j - the +1 Delatra's gloves {ID++}
   (You found it on level 2 of the Dungeon)

   It heals its wearer when they drink unknown potions.
   It restores its wearer's MP when they read unknown scrolls.
Jewellery
 n - a +6 ring of intelligence
Scrolls
 b - a scroll of vulnerability
 c - a scroll of teleportation {unknown}
 g - 6 scrolls of fog {unknown}
 m - a scroll of amnesia {unknown}
Potions
 l - a potion of lignification {unknown}


   Skills:
 - Level 4.0 Fighting
 - Level 1.0 Staves
 - Level 2.0 Dodging
 - Level 1.4 Stealth
 - Level 3.0 Spellcasting
 - Level 0.8 Conjurations
 + Level 3.3 Fire Magic


You had 6 spell levels left.
You knew the following spells:

 Your Spells              Type           Power      Damage    Failure   Level
a - Foxfire               Conj/Fire      40%        2x1d6     7%          1
b - Scorch                Fire           28%        2d6       6%          2

Your spell library contained the following spells:

 Spells                   Type           Power      Damage    Failure   Level
 Freeze                   Ice            8%         1d3       16%         1
 Conjure Flame            Conj/Fire      10%        6-21      21%         3
 Inner Flame              Hex/Fire       8%         N/A       24%         3
 Flame Wave               Conj/Fire      10%        2d5       56%         4


Dungeon Overview and Level Annotations

Branches:
Dungeon (3/15)

Altars:
Vehumet

Annotations:
D:3 Ijyb


Innate Abilities, Weirdness & Mutations

You are too large for most types of armour.
You have tough skin. (AC +1)


Message History

You feel very sick. Ijyb barely misses you.
It was a potion of flight.
You feel very buoyant.
You fly up into the air.
You feel sick. Ijyb hits you but does no damage.
You are more poisoned.
It was a potion of heal wounds.
You feel much better.
You feel very sick.
Ijyb hits you with a +2 dagger of venom!
It was a potion of curing.
You feel better. Ijyb hits you but does no damage.
You are poisoned.
You feel sick.
Okay, then.
You feel better.
Ijyb hits you with a +2 dagger of venom.
You are poisoned.
It was a potion of magic.
Magic courses through your body.
You feel sick.
Ijyb hits you with a +2 dagger of venom.
You are more poisoned.
It was a potion of might.
You feel very mighty all of a sudden.
You feel very sick. Ijyb barely misses you.
You hit Ijyb but do no damage.
Your +2 spectral quarterstaff hits Ijyb but does no damage.
You feel very sick.
Ijyb zaps a wand.
The mass of ice explodes!
The iceblast engulfs you!
* * * LOW HITPOINT WARNING * * *
The iceblast engulfs Ijyb but does no damage.
The iceblast engulfs your +2 spectral quarterstaff!
Your +2 spectral quarterstaff partially resists.
Your spectral weapon shares its damage with you!
* * * LOW HITPOINT WARNING * * *
You hit Ijyb.
Ijyb is moderately wounded.
Your +2 spectral quarterstaff hits Ijyb!
* * * LOW HITPOINT WARNING * * *
You feel very sick.
Ijyb hits you with a +2 dagger of venom.
You die...

# #.#### ..
#..g(# ...
.....###@#
#..# ...
+..†# #...#
.
##).###.#.#
#.....#.#
##.#.#.#
#.#<.#
#####...#.#
#........#.#
#.......####


You could see Ijyb (weak-willed, ally target) and a friendly +2 spectral
quarterstaff (summoned).

Vanquished Creatures
  An orc wizard (D:2)
  3 adders (D:2)
  A worm (D:2)
  2 dart slugs
  2 orcs (D:2)
  3 bats
  6 endoplasms
  3 giant cockroaches
  6 goblins
  3 hobgoblins
  2 quokkas (D:1)
  A ball python (D:2)
  3 frilled lizards
  6 kobolds
  10 rats
  A spectral goblin (D:1)
53 creatures vanquished.

Vanquished Creatures (others)
  177 foxfires
  4 plants (D:2)
181 creatures vanquished.

Grand Total: 234 creatures vanquished

Notes
Turn   | Place    | Note
-------+----------+-------------------------------------------
     0 | D:1      | enile the Ogre Fire Elementalist began the quest for the
                  | Orb.
     0 | D:1      | Reached XP level 1. HP: 16/16 MP: 3/3
    79 | D:1      | Reached skill level 1 in Fighting
   365 | D:1      | Reached skill level 2 in Fighting
   365 | D:1      | Reached XP level 2. HP: 28/28 MP: 1/5
   754 | D:1      | Reached skill level 3 in Fighting
  1161 | D:1      | Reached XP level 3. HP: 37/37 MP: 3/6
  1317 | D:1      | Found a faded altar of an unknown god.
  1503 | D:1      | Prayed at the altar of an unknown god.
  1503 | D:1      | Became a worshipper of Vehumet
  1503 | D:1      | Reached * piety under Vehumet
  1503 | D:1      | Offered knowledge of Freeze by Vehumet.
  1940 | D:2      | Reached skill level 4 in Fighting
  2069 | D:2      | Reached XP level 4. HP: 48/48 MP: 3/7
  2069 | D:2      | Found the +1 Delatra's gloves {ID++}
  2157 | D:2      | Reached skill level 1 in Staves
  2162 | D:2      | Learned a level 2 spell: Scorch
  3184 | D:3      | Noticed Ijyb
  3204 | D:3      | Slain by Ijyb

Illustrated notes

Levels and vault maps discovered:
D:1:      dpeg_arrival_arbitrary_c, layout_basic,
          dreamdust_ecumenical_altar_drowned_temple
D:2:      layout_basic, serial_forest, infiniplex_forest_split,
          infiniplex_forest_lined_3_way, infiniplex_forest_clump_cross,
          infiniplex_forest_lined_room_3, infiniplex_forest_straight_2,
          grunt_decor_fettered, minivault_14, pf_guarded_unrand_delatra
D:3:      layout_basic, uniq_ijyb, uniq_crazy_yiuf_cottage

Skill      XL: |  1  2  3  4 |
---------------+-------------+-----
Fighting       | 2 3 4 |  4.0
Dodging        | 2 |  2.0
Fire Magic     | 3 |  3.3
Spellcasting   | 3 |  3.0
Staves         | 1 |  1.0
Stealth        | |  1.4
Conjurations   | |  0.8

Action                   |  1- 3 |  4- 6 || total
-------------------------+-------+-------++-------
Melee: Unarmed           |    20 |       ||    20
       Quarterstaff      |       |    14 ||    14
 Cast: Foxfire           |    92 |    23 ||   115
       Scorch            |       |     5 ||     5
  Use: Potion            |       |     6 ||     6
       Scroll            |       |     1 ||     1
Armor: Robe              |    12 |    10 ||    22
Dodge: Dodged            |    14 |     9 ||    23

Table legend: (Time is in decaauts)
 A = Elapsed time spent in this place.
 B = Non-inter-level travel time spent in this place.
 C = Inter-level travel time spent in this place.
 D = Time resting spent in this place.
 E = Time spent auto-exploring this place.
 F = Levels seen in this place.
 G = Mean time per level.
                   A        B        C        D        E       F      G
               +--------+--------+--------+--------+--------+-----+--------+
         Total |   3212 |   3066 |    146 |      0 |   2644 |   3 | 1070.7 |
       Dungeon |   3212 |   3066 |    146 |      0 |   2644 |   3 | 1070.7 |
               +--------+--------+--------+--------+--------+-----+--------+

Top non-repeatable levels by time:
     D:1: 1939 daAuts
     D:2: 1220 daAuts
     D:3: 52 daAuts
